 Dungeon Sprint DCSS version 0.31-a0-1074-g0b22e4e0f1 (webtiles) character file.

Game seed: 5196056789111783906

214 rocky1 the Thaumaturge (level 11, -8/90 HPs)
             Began as a Gnoll Earth Elementalist on Nov 28, 2023.
             Was a High Priest of Cheibriados.
             Mangled by a deep troll (16 damage)
             ... in the Dungeon (Sprint VI: "Thunderdome").
             The game lasted 00:09:14 (788 turns).

rocky1 the Thaumaturge (Gnoll Earth Elementalist)    Turns: 788, Time: 00:09:15

Health: -8/90      AC:  4    Str: 16    XL:     11   Next: 36%
Magic:  3/25       EV: 21    Int: 36    God:    Cheibriados [*****.]
Gold:   175        SH:  0    Dex: 26    Spells: 19/31 levels left

rFire   . . .        p - +1 spear (freeze)
rCold   . . .        (no shield)
rNeg    + . .        a - +0 troll leather armour
rPois   +            (no helmet)
rElec   .            (no cloak)
rCorr   .            (no gloves)
SInv    +            (no boots)
Will    +....        s - amulet "Lugraasu" {RegenMP Fly rC- Slay+2}
Stlth   +++++        l - ring "Sedierof" {rN+ Will+ Str-5 Int+2 SInv}
HPRegen 1.15/turn    t - ring of Curiosity {rPois rC+}
MPRegen 0.59/turn

%: no teleportation
@: flying, very slow
A: fangs 1, strong nose, distributed training
}: 1/15 runes: decaying
a: Renounce Religion, Bend Time, Temporal Distortion, Slouch, Step From Time


You were in the Dungeon.
You worshipped Cheibriados.
Cheibriados was extremely pleased with you.
You visited 1 branch You collected 490 gold pieces.
You spent 315 gold pieces at shops.

Inventory:

Hand Weapons
 p - a +1 spear of freezing (weapon)
 q - a +0 orcbow
Armour
 a - a +0 troll leather armour (worn)
 o - a +0 ring mail
Jewellery
 l - the ring "Sedierof" (left hand) {rN+ Will+ Str-5 Int+2 SInv}
   (You bought it in a shop in the Dungeon)

   [ring of see invisible]

   Str-5:     It affects your strength (-5).
   Int+2:     It affects your intelligence (+2).
   rN+:       It protects you from negative energy.
   Will+:     It increases your willpower.
   SInv:      It lets you see invisible.
 m - the amulet "Ivvueso" {Regen+ Slay+2}
   (You bought it in a shop in the Dungeon)

   [amulet of regeneration]

   Slay+2:    It affects your accuracy & damage with ranged weapons and melee
   (+2).
   Regen+:    It increases your rate of health regeneration.
 r - the amulet "Wemaem" {Spirit Harm rElec Int+5 Dex-3}
   (You bought it in a shop in the Dungeon)

   [amulet of guardian spirit]

   Spirit:    It causes incoming damage to be divided between your reserves of
   health and magic.
   Int+5:     It affects your intelligence (+5).
   Dex-3:     It affects your dexterity (-3).
   rElec:     It insulates you from electricity.
   Harm:      It increases damage dealt and taken.
 s - the amulet "Lugraasu" (around neck) {RegenMP Fly rC- Slay+2}
   (You found it in the Dungeon)

   [amulet of magic regeneration]

   RegenMP:   It increases your rate of magic regeneration.
   Slay+2:    It affects your accuracy & damage with ranged weapons and melee
   (+2).
   rC-:       It makes you vulnerable to cold.
   Fly:       It grants you flight.
 t - the ring of Curiosity (right hand) {rPois rC+}
   (You bought it in a shop in the Dungeon)

   [ring of poison resistance]

   rC+:       It protects you from cold.
   rPois:     It protects you from poison
Scrolls
 g - a scroll of blinking
 k - 3 scrolls of fog
Potions
 c - a potion of curing
 d - 4 potions of heal wounds
 f - a potion of berserk rage
 h - a potion of resistance


   Skills:
 + Level 9.6 Fighting
 + Level 9.6 Short Blades
 + Level 9.6 Long Blades
 + Level 9.6 Axes
 + Level 9.6 Maces & Flails
 + Level 9.6 Polearms
 + Level 9.6 Staves
 + Level 9.6 Ranged Weapons
 + Level 9.6 Throwing
 + Level 9.6 Armour
 + Level 10.7 Dodging
 + Level 10.5 Stealth
 + Level 9.6 Shields
 + Level 9.6 Unarmed Combat
 + Level 10.9 Spellcasting
 + Level 8.1 Conjurations
 + Level 8.1 Hexes
 + Level 8.1 Summonings
 + Level 8.1 Necromancy
 + Level 8.1 Translocations
 + Level 8.4 Transmutations
 + Level 8.1 Fire Magic
 + Level 8.1 Ice Magic
 + Level 8.1 Air Magic
 + Level 9.8 Earth Magic
 + Level 8.1 Poison Magic
 + Level 10.5 Invocations
 + Level 9.6 Evocations
 + Level 8.8 Shapeshifting


You had 19 spell levels left.
You knew the following spells:

 Your Spells              Type           Power      Damage    Failure   Level
a - Sandblast             Erth           100%       2d20      1%          1
b - Stone Arrow           Conj/Erth      100%       3d13      1%          3
c - Brom's Barrelling Bo  Conj/Erth      71%        2d8       1%          4
d - Petrify               Tmut/Erth      71%        N/A       1%          4

Your spell library contained the following spells:

 Spells                   Type           Power      Damage    Failure   Level
 Passwall                 Tmut/Erth      59%        N/A       1%          2


Dungeon Overview and Level Annotations

Branches:
Dungeon (1/1)

Altars:
Cheibriados
Dithmenos
Fedhas
Gozag
Kikubaaqudgha
Makhleb
Okawaru
Qazlal
Ru
Sif Muna
Trog
Uskayaw
Vehumet
Wu Jian
Xom
Yredelemnul
Zin
The Shining One
Lugonu

Shops:
D *[=??*?*:[((!!!!


Innate Abilities, Weirdness & Mutations

You have very sharp teeth.
Your uncanny sense of smell can sniff out nearby items.
Your experience applies equally to all skills.


Message History

Orders for allies: a - Attack new target. r - Retreat! s - Stop attacking. g - Guard the area. f - Follow me.
Anything else - Cancel.
You bark for attention!
The deep troll shouts!
Aiming: Stone Arrow (safe; 1% risk of failure)
Press: ? - help, Q - select action, (/) - cycle Shift-Dir - straight line, f - deep troll
Aim: a deep troll (78% to hit)
The stone arrow hits the deep troll!!
The deep troll is moderately wounded.
The deep troll misses you. The deep troll completely misses you.
The deep troll barely misses you.
Aiming: Stone Arrow (safe; 1% risk of failure)
Press: ? - help, Q - select action, (/) - cycle Shift-Dir - straight line, f/p - deep troll
Aim: a deep troll (moderately wounded, 78% to hit)
The stone arrow hits the deep troll!!
The deep troll is severely wounded.
The deep troll barely misses you. The deep troll claws you!
The deep troll closely misses you.
Aiming: Stone Arrow (safe; 1% risk of failure)
Press: ? - help, Q - select action, (/) - cycle Shift-Dir - straight line, f/p - deep troll
Aim: a deep troll (severely wounded, 78% to hit)
The stone arrow hits the deep troll!
The deep troll is almost dead.
The deep troll bites you. The deep troll completely misses you.
The deep troll claws you!
* * * LOW HITPOINT WARNING * * *
You hit the deep troll but do no damage.
The deep troll is almost dead.
The deep troll closely misses you.
The deep troll claws you but does no damage.
The deep troll claws you!!
* * * LOW HITPOINT WARNING * * *
You hit the deep troll but do no damage.
The deep troll is almost dead.
You hit the deep troll but do no damage.
The deep troll is almost dead.
The deep troll closely misses you. The deep troll misses you.
The deep troll claws you!
You die...

#.....# ##.....## ##∩.....∩##
#∩.......∩# #_......._#
#....[..._# #_........#
###[.....[..###
#⌠..@........⌠#
######.8T........8.######
##∩___.....÷###......___∩##
###∩.....[)[8.# #.8.†÷.....∩#
##..........)..###............
#⌠.....[.)..###...###.[.......
#⌠.....†.!..# #.<.# #.........
#⌠.........)###...###.........
##..........)..###............


You could see a deep troll.

Vanquished Creatures
  the Lernaean hydra (D)
  An iron troll (D)
  2 deep trolls (D)
  3 trolls (D)
  Sigmund (D)
  Grum (D)
  A water moccasin (D)
  A hell hound (D)
  An orc warrior (D)
  2 wolves (D)
  2 centaurs (D)
  2 gnoll sergeants (D)
  A wight (D)
  2 hounds (D)
  Terence (D)
  An iguana (D)
  3 gnolls (D)
  An ufetubus (D)
  An orc (D)
  A quokka (D)
29 creatures vanquished.

Notes
Turn   | Place    | Note
-------+----------+-------------------------------------------
     0 | D        | rocky1 the Gnoll Earth Elementalist began the quest for the
                  | Orb.
     0 | D        | Reached XP level 1. HP: 13/13 MP: 6/6
     3 | D        | Found a hide-covered altar of Uskayaw.
     5 | D        | Found a sacrificial altar of Ru.
     5 | D        | Found an ancient bone altar of Kikubaaqudgha.
     5 | D        | Round 1.
     6 | D        | Found a shimmering altar of Xom.
     6 | D        | Found a shimmering blue altar of Sif Muna.
     6 | D        | Found Cacig's Weapon Rack.
     6 | D        | Found Ehi Vuhu's Premium Goods.
     7 | D        | Found Zaqeody's Basic Armour.
     7 | D        | Found Kitrymab's Miscellaneous Merchandise.
     9 | D        | Found a blossoming altar of Fedhas.
    10 | D        | Found a radiant altar of Vehumet.
    10 | D        | Noticed Terence
    11 | D        | Found a glowing silver altar of Zin.
    12 | D        | Found Eriuckor's Identification Station.
    12 | D        | Found a bloodstained altar of Trog.
    12 | D        | Found a corrupted altar of Lugonu.
    12 | D        | Found an iron altar of Okawaru.
    12 | D        | Found Weyvvo's Timeless Talismans.
    17 | D        | Killed Terence
    18 | D        | Reached skill level 1 in Fighting
    18 | D        | Reached skill level 1 in Short Blades
    18 | D        | Reached skill level 1 in Long Blades
    18 | D        | Reached skill level 1 in Axes
    18 | D        | Reached skill level 1 in Maces & Flails
    18 | D        | Reached skill level 1 in Polearms
    18 | D        | Reached skill level 1 in Staves
    18 | D        | Reached skill level 1 in Ranged Weapons
    18 | D        | Reached skill level 1 in Throwing
    18 | D        | Reached skill level 1 in Armour
    18 | D        | Reached skill level 1 in Shields
    18 | D        | Reached skill level 1 in Unarmed Combat
    18 | D        | Reached skill level 5 in Spellcasting
    18 | D        | Reached skill level 1 in Conjurations
    18 | D        | Reached skill level 1 in Hexes
    18 | D        | Reached skill level 1 in Summonings
    18 | D        | Reached skill level 1 in Necromancy
    18 | D        | Reached skill level 1 in Translocations
    18 | D        | Reached skill level 1 in Fire Magic
    18 | D        | Reached skill level 1 in Ice Magic
    18 | D        | Reached skill level 1 in Air Magic
    18 | D        | Reached skill level 1 in Poison Magic
    18 | D        | Reached skill level 1 in Evocations
    18 | D        | Reached skill level 1 in Shapeshifting
    18 | D        | Reached XP level 2. HP: 20/22 MP: 5/8
    18 | D        | Reached XP level 3. HP: 25/27 MP: 5/9
    19 | D        | Found Hothin's Advanced Armour.
    19 | D        | Found Axicrac's Jewellery.
    22 | D        | Found a basalt altar of Yredelemnul.
    24 | D        | Found a glowing golden altar of the Shining One.
    25 | D        | Found an ornate altar of the Wu Jian Council.
    25 | D        | Found a snail-covered altar of Cheibriados.
    25 | D        | Found Xuini's Magic Scroll Shop.
    25 | D        | Found Iwneblio's Staff Store.
    26 | D        | Found Ulunk's Magic Scroll Shop.
    26 | D        | Found Sohughik's Must-Have Magic.
    29 | D        | Found a stormy altar of Qazlal.
    33 | D        | Became a worshipper of Cheibriados the Contemplative
    68 | D        | Found a burning altar of Makhleb.
    71 | D        | Found Koron's Do-It-Yourself Clinic.
    72 | D        | Found an opulent altar of Gozag.
    72 | D        | Found a shadowy altar of Dithmenos.
    72 | D        | Found Doallauh's Distillery.
    73 | D        | Found Yhoxedic's Bottled Wisdom.
    73 | D        | Found Plog's Distillery.
    73 | D        | Noticed Sigmund
    77 | D        | Killed Sigmund
    78 | D        | Reached skill level 5 in Stealth
    78 | D        | Reached XP level 4. HP: 37/37 MP: 10/12
    78 | D        | Reached XP level 5. HP: 42/42 MP: 10/13
    82 | D        | Learned a level 3 spell: Stone Arrow
    83 | D        | Reached * piety under Cheibriados
   112 | D        | Arena points: 12 (+12) [x2]
   161 | D        | Round 2.
   162 | D        | Bought a pitted lead ring for 45 gold pieces
   162 | D        | Identified the ring "Mehaon" {*Slow rCorr Str+8 Dex+3} (You
                  | bought it in a shop in the Dungeon)
   162 | D        | Bought a scintillating tin ring for 45 gold pieces
   162 | D        | Identified the ring "Sedierof" {rN+ Will+ Str-5 Int+2 SInv}
                  | (You bought it in a shop in the Dungeon)
   162 | D        | Bought a shimmering platinum amulet for 45 gold pieces
   162 | D        | Identified the amulet "Ivvueso" {Regen+ Slay+2} (You bought
                  | it in a shop in the Dungeon)
   168 | D        | Bought a shimmering golden ring for 45 gold pieces
   168 | D        | Identified the ring "Jechoam" {Fly rPois} (You bought it in
                  | a shop in the Dungeon)
   178 | D        | Reached ** piety under Cheibriados
   179 | D        | Reached XP level 6. HP: 49/49 MP: 5/15
   255 | D        | Reached skill level 5 in Invocations
   255 | D        | Reached *** piety under Cheibriados
   289 | D        | Arena points: 24 (+12) [x1]
   299 | D        | Round 3.
   311 | D        | Noticed a water moccasin
   312 | D        | Reached **** piety under Cheibriados
   313 | D        | Killed a water moccasin
   314 | D        | Reached skill level 5 in Fighting
   314 | D        | Reached skill level 5 in Short Blades
   314 | D        | Reached skill level 5 in Long Blades
   314 | D        | Reached skill level 5 in Axes
   314 | D        | Reached skill level 5 in Maces & Flails
   314 | D        | Reached skill level 5 in Polearms
   314 | D        | Reached skill level 5 in Staves
   314 | D        | Reached skill level 5 in Ranged Weapons
   314 | D        | Reached skill level 5 in Throwing
   314 | D        | Reached skill level 5 in Armour
   314 | D        | Reached skill level 5 in Shields
   314 | D        | Reached skill level 5 in Unarmed Combat
   314 | D        | Reached skill level 5 in Evocations
   314 | D        | Reached XP level 7. HP: 56/56 MP: 7/17
   319 | D        | Reached skill level 5 in Transmutations
   319 | D        | Reached skill level 5 in Shapeshifting
   336 | D        | Reached ***** piety under Cheibriados
   370 | D        | Bought a fine garnet amulet for 45 gold pieces
   370 | D        | Identified the amulet "Wemaem" {Spirit Harm rElec Int+5
                  | Dex-3} (You bought it in a shop in the Dungeon)
   383 | D        | Arena points: 66 (+42) [x2]
   384 | D        | Reached skill level 5 in Conjurations
   384 | D        | Reached skill level 5 in Hexes
   384 | D        | Reached skill level 5 in Summonings
   384 | D        | Reached skill level 5 in Necromancy
   384 | D        | Reached skill level 5 in Translocations
   384 | D        | Reached skill level 5 in Fire Magic
   384 | D        | Reached skill level 5 in Ice Magic
   384 | D        | Reached skill level 5 in Air Magic
   384 | D        | Reached skill level 5 in Poison Magic
   426 | D        | Round 4.
   430 | D        | Reached XP level 8. HP: 64/64 MP: 17/20
   463 | D        | Reached ****** piety under Cheibriados
   505 | D        | Noticed Grum
   509 | D        | Killed Grum
   537 | D        | Arena points: 94 (+28) [x1]
   551 | D        | Round 5.
   558 | D        | Noticed the 27-headed Lernaean hydra
   563 | D        | Noticed a goliath frog
   563 | D        | Noticed a bog body
   571 | D        | Killed the 27-headed Lernaean hydra
   571 | D        | Identified the amulet "Lugraasu" {RegenMP Fly rC- Slay+2}
                  | (You found it in the Dungeon)
   571 | D        | Arena points: 214 (+120) [x3]
   572 | D        | Reached XP level 9. HP: 75/75 MP: 9/22
   572 | D        | Reached XP level 10. HP: 82/82 MP: 9/23
   574 | D        | Got a decaying rune of Zot
   575 | D        | Reached skill level 10 in Dodging
   575 | D        | Reached skill level 10 in Spellcasting
   575 | D        | Reached XP level 11. HP: 87/87 MP: 10/25
   627 | D        | Bought a slimy turquoise ring for 45 gold pieces
   627 | D        | Identified the ring of the Salamander {Fire Str-5 Slay+3
                  | SInv} (You bought it in a shop in the Dungeon)
   627 | D        | Bought a sparkling lead ring for 45 gold pieces
   627 | D        | Identified the ring of Curiosity {rPois rC+} (You bought it
                  | in a shop in the Dungeon)
   671 | D        | Learned a level 4 spell: Brom's Barrelling Boulder
   672 | D        | Round 6.
   676 | D        | Learned a level 4 spell: Petrify
   715 | D        | Noticed a deep troll
   726 | D        | Killed a deep troll
   727 | D        | Reached skill level 10 in Stealth
   727 | D        | Reached skill level 10 in Invocations
   731 | D        | Noticed a deep troll
   737 | D        | Killed a deep troll
   760 | D        | Noticed an iron troll
   778 | D        | Killed an iron troll
   778 | D        | Noticed a deep troll
   788 | D        | Mangled by a deep troll

Illustrated notes

Levels and vault maps discovered:
D:        arena_sprint

Skill      XL: |  1  2  3  4  5  6  7  8  9 10 11 |
---------------+----------------------------------+-----
Fighting       | 1 3 4 5 6 8 9 |  9.6
Short Blades   | 1 3 4 5 6 8 9 |  9.6
Long Blades    | 1 3 4 5 6 8 9 |  9.6
Axes           | 1 3 4 5 6 8 9 |  9.6
Maces & Flails | 1 3 4 5 6 8 9 |  9.6
Polearms       | 1 3 4 5 6 8 9 |  9.6
Staves         | 1 3 4 5 6 8 9 |  9.6
Ranged Weapons | 1 3 4 5 6 8 9 |  9.6
Throwing       | 1 3 4 5 6 8 9 |  9.6
Armour         | 1 3 4 5 6 8 9 |  9.6
Shields        | 1 3 4 5 6 8 9 |  9.6
Unarmed Combat | 1 3 4 5 6 8 9 |  9.6
Spellcasting   | 5 6 7 8 9 10 | 10.9
Conjurations   | 1 3 4 5 7 8 |  8.1
Hexes          | 1 3 4 5 7 8 |  8.1
Summonings     | 1 3 4 5 7 8 |  8.1
Necromancy     | 1 3 4 5 7 8 |  8.1
Translocations | 1 3 4 5 7 8 |  8.1
Transmutations | 2 3 4 5 7 8 |  8.4
Fire Magic     | 1 3 4 5 7 8 |  8.1
Ice Magic      | 1 3 4 5 7 8 |  8.1
Air Magic      | 1 3 4 5 7 8 |  8.1
Poison Magic   | 1 3 4 5 7 8 |  8.1
Invocations    | 2 4 5 6 9 10 | 10.5
Evocations     | 1 3 4 5 6 8 9 |  9.6
Shapeshifting  | 1 3 4 5 7 8 |  8.8
Dodging        | 6 7 9 10 | 10.7
Stealth        | 5 6 7 9 10 | 10.5
Earth Magic    | 6 7 9 |  9.8

Action                     |  1- 3 |  4- 6 |  7- 9 | 10-12 || total
---------------------------+-------+-------+-------+-------++-------
  Melee: Spear             |       |       |       |     4 ||     4
         Bite              |       |       |       |     1 ||     1
   Cast: Sandblast         |     2 |       |     7 |       ||     9
         Stone Arrow       |       |    12 |    19 |    23 ||    54
 Invoke: Slouch            |       |       |       |     4 ||     4
  Evoke: Wand              |     6 |     3 |     1 |       ||    10
    Use: Potion            |       |       |     2 |     2 ||     4
         Scroll            |       |       |     2 |     1 ||     3
 Armour: Robe              |     1 |     1 |     1 |       ||     3
         Troll leather arm |       |       |       |    12 ||    12
         Skin              |       |       |       |     1 ||     1
  Dodge: Dodged            |       |     2 |     2 |    17 ||    21

Table legend: (Time is in decaauts)
 A = Elapsed time spent in this place.
 B = Non-inter-level travel time spent in this place.
 C = Inter-level travel time spent in this place.
 D = Time resting spent in this place.
 E = Time spent auto-exploring this place.
 F = Levels seen in this place.
 G = Mean time per level.
                   A        B        C        D        E       F      G
               +--------+--------+--------+--------+--------+-----+--------+
         Total |   1078 |   1078 |      0 |    161 |      0 |   1 | 1078.0 |
       Dungeon |   1078 |   1078 |      0 |    161 |      0 |   1 | 1078.0 |
               +--------+--------+--------+--------+--------+-----+--------+

Top non-repeatable levels by time:
       D: 1078 daAuts
